 Dungeon Crawl Stone Soup version 0.26.1-11-gd32895ea62 (webtiles) character file.

Game seed: 13931790249643098878

1613 Almogavar the Thaumaturge (level 8, -5/43 HPs)
             Began as a Deep Elf Conjurer on May 22, 2021.
             Was an Initiate of Sif Muna.
             Slain by an orc warrior
             ... wielding a +0 mace
              (15 damage)
             ... on level 6 of the Dungeon.
             The game lasted 00:25:50 (6419 turns).

Almogavar the Thaumaturge (Deep Elf Conjurer)       Turns: 6419, Time: 00:25:51

Health: -5/43      AC:  6    Str:  4    XL:     8   Next: 64%
Magic:  19/23      EV: 14    Int: 26    God:    Sif Muna [......]
Gold:   344        SH:  0    Dex: 13    Spells: 19/25 levels left

rFire    + . .     SeeInvis .   v - +2 dagger "Irozoar" {elec, rC+ rN+}
rCold    + . .     Faith    .   (no shield)
rNeg     + + .     Spirit   .   g - +2 robe {rF+}
rPois    .         Reflect  .   (no helmet)
rElec    .         Harm     .   (no cloak)
rCorr    .         Rampage  .   j - +1 pair of gloves
Will     .....                  (no boots)
Stlth    ++++......             (no amulet)
HPRegen  0.14/turn              d - ring of positive energy
MPRegen  0.18/turn              e - ring of stealth

@: about to teleport
A: no striking features
a: Renounce Religion


You were on level 6 of the Dungeon.
You worshipped Sif Muna.
Sif Muna was noncommittal.
You visited 2 branches of the dungeon, and saw 7 of its levels.

You collected 344 gold pieces.

Inventory:

Hand Weapons
 v - the +2 dagger "Irozoar" (weapon) {elec, rC+ rN+}
   (You found it on level 4 of the Dungeon)

   Occasionally, upon striking a foe, it can discharge electrical energy and
   cause terrible harm.
   It protects you from cold.
   It protects you from negative energy.
Armour
 g - a +2 robe of fire resistance (worn)
 j - a +1 pair of gloves (worn)
 k - a cursed -2 buckler
Jewellery
 d - a ring of positive energy (left hand)
 e - a ring of stealth (right hand)
 u - an uncursed ring of flight
Wands
 b - a wand of acid (10)
 l - a wand of digging (9)
 o - a wand of paralysis (11)
 w - a wand of disintegration (10)
 x - a wand of random effects (28)
Scrolls
 f - 2 scrolls of fog
 h - 5 scrolls of teleportation
 n - 2 scrolls of remove curse
 r - a scroll of acquirement {unknown}
 s - a scroll of noise {unknown}
 y - a scroll of amnesia
 z - a scroll of enchant armour
Potions
 a - a potion of lignification
 c - 2 potions of brilliance
 i - a potion of resistance
 m - 4 potions of curing
 p - a potion of flight {unknown}
 q - 2 potions of degeneration {unknown}
 t - a potion of attraction {unknown}


   Skills:
 + Level 1.3 Fighting
 + Level 4.1 Dodging
 + Level 6.1 Stealth
 + Level 9.0 Spellcasting
 + Level 8.7 Conjurations


You had 19 spell levels left.
You knew the following spells:

 Your Spells              Type           Power        Failure   Level
a - Magic Dart            Conj           100%         1%          1
b - Searing Ray           Conj           100%         1%          2
c - Dazzling Flash        Conj/Hex       68%          2%          3

Your spell library contained the following spells:

 Spells                   Type           Power        Failure   Level
 Beastly Appendage        Tmut           22%          4%          1
 Wereblood                Tmut           11%          8%          2
 Fulminant Prism          Conj/Hex       17%          9%          4
 Iskenderun's Mystic Bla  Conj/Tloc      34%          9%          4
 Spider Form              Tmut/Pois      5%           16%         3
 Ice Form                 Ice/Tmut       11%          45%         4
 Blade Hands              Tmut           5%           80%         5


Dungeon Overview and Level Annotations

Branches:
Dungeon (6/15)             Temple (1/1) D:4

Altars:
Ashenzari
Cheibriados
Dithmenos
Elyvilon
Fedhas
Gozag
Hepliaklqana
Kikubaaqudgha
Makhleb
Okawaru
Ru
Sif Muna
Trog
Uskayaw
Vehumet
Wu Jian
Xom
Yredelemnul
The Shining One

Shops:
D:4 ?


Message History

The searing ray hits the two-headed ogre!
The two-headed ogre is heavily wounded.
The searing ray hits the orc warrior!
The orc warrior is moderately wounded.
The two-headed ogre hits you with a +0 giant spiked club!!
Ouch! That really hurt!
The two-headed ogre completely misses you.
The searing ray hits the two-headed ogre.
The two-headed ogre is severely wounded.
The searing ray hits the orc warrior.
The orc warrior is moderately wounded.
You finish channeling your searing ray.
The two-headed ogre hits you with a +0 giant spiked club!
* * * LOW HITPOINT WARNING * * *
The two-headed ogre closely misses you.
Okay, then.
As you read the scroll of teleportation, it crumbles to dust.
You feel strangely unstable.
The orc warrior hits you with a +0 mace!
You die...

.....#..#......#
.r...#..#......#
.#####..#####..#
#..#......#
#..#......#
#..#..#####
#..#..# .$#
#..#.o#?)(#
#..#@O'(.?#
##..########
#...#
####.####.# #
#.........#
#####
#.#.....#.#
....# #.#.....#
....#
#.#.......#
....#
#.#.....#.#


You could see a two-headed ogre and an orc warrior.

Vanquished Creatures
  Sigmund (D:2)
  Menkaure (D:5)
  A water moccasin (D:6)
  2 ice beasts
  A centaur (D:5)
  2 bullfrogs (D:6)
  A scorpion (D:6)
  2 bullfrog skeletons (D:6)
  2 orc priests (D:5)
  6 hounds
  Natasha (D:2)
  5 worker ants
  4 orc wizards
  An iguana (D:4)
  A hound zombie (D:5)
  7 adders
  A gnoll (D:1)
  2 howler monkey skeletons
  A shadow imp (D:4)
  An ooze (D:3)
  2 adder skeletons
  4 worms
  5 dart slugs
  3 leopard geckos
  13 orcs
  2 ball pythons
  8 bats
  6 giant cockroaches
  5 hobgoblins
  A quokka (D:3)
  4 frilled lizards
  5 goblins
  A jackal skeleton (D:6)
  7 kobolds
  A leopard gecko skeleton (D:6)
  8 rats
118 creatures vanquished.

Notes
Turn   | Place    | Note
-------+----------+-------------------------------------------
     0 | D:1      | Almogavar the Deep Elf Conjurer began the quest for the
                  | Orb.
     0 | D:1      | Reached XP level 1. HP: 10/10 MP: 6/6
   152 | D:1      | Reached XP level 2. HP: 15/15 MP: 5/8
   155 | D:1      | Learned a level 2 spell: Searing Ray
   185 | D:1      | Reached skill level 5 in Conjurations
   960 | D:1      | Reached XP level 3. HP: 19/19 MP: 7/9
  1657 | D:2      | Noticed Sigmund
  1729 | D:2      | Killed Sigmund
  1730 | D:2      | Reached skill level 4 in Spellcasting
  1730 | D:2      | Reached XP level 4. HP: 19/24 MP: 2/12
  1730 | D:2      | Reached XP level 5. HP: 22/28 MP: 2/13
  1960 | D:2      | You fall into a shaft and drop 2 floors!
  2620 | D:2      | Noticed Natasha
  2623 | D:2      | Killed Natasha
  2624 | D:2      | Reached XP level 6. HP: 33/33 MP: 11/15
  2955 | D:3      | Found a faded altar of an unknown god.
  2970 | D:3      | Reached skill level 5 in Spellcasting
  3333 | D:3      | Learned a level 3 spell: Dazzling Flash
  4073 | D:4      | Found a snail-covered altar of Cheibriados.
  4271 | D:4      | Reached XP level 7. HP: 37/37 MP: 13/17
  4310 | D:4      | Found Zegewk's Magic Scroll Boutique.
  4408 | D:4      | Found a staircase to the Ecumenical Temple.
  4414 | Temple   | Entered the Ecumenical Temple
  4529 | Temple   | Became a worshipper of Sif Muna the Loreminder
  4640 | D:4      | Reached skill level 6 in Spellcasting
  4693 | D:4      | Got an ivory dagger
  4694 | D:4      | Identified the +2 dagger "Irozoar" {elec, rC+ rN+} (You
                  | found it on level 4 of the Dungeon)
  4809 | D:5      | Entered Level 5 of the Dungeon
  5017 | D:5      | Reached skill level 1 in Fighting
  5117 | D:5      | Reached skill level 5 in Stealth
  5164 | D:5      | Reached skill level 7 in Spellcasting
  5645 | D:5      | Noticed Menkaure
  5649 | D:5      | Killed Menkaure
  5650 | D:5      | Reached XP level 8. HP: 28/43 MP: 16/21
  6035 | D:6      | Found a shimmering altar of Xom.
  6075 | D:6      | Reached skill level 8 in Spellcasting
  6354 | D:6      | Reached skill level 9 in Spellcasting
  6413 | D:6      | Noticed a two-headed ogre
  6414 | D:6      | Found the +8 demon blade "Leech" {vamp, *Rage +Rage rN+}
  6419 | D:6      | Slain by an orc warrior

Illustrated notes

Levels and vault maps discovered:
D:1:      eino_arrival_water_star, layout_basic
D:2:      layout_basic, uniq_natasha, uniq_sigmund
D:3:      layout_rooms, chequers_ecumenical_altar_island
D:4:      layout_loops_ring, kennysheep_slug_shrine, temple_green, serial_shops,
          shop
D:5:      layout_basic, uniq_menkaure
D:6:      kennysheep_windowed_halls, layout_loops_ring, xom_confusion_cloud
Temple:   kilobyte_greek_temple

Skill      XL: |  1  2  3  4  5  6  7  8 |
---------------+-------------------------+-----
Conjurations   | 5 6 7 8 |  8.7
Dodging        | 3 4 |  4.1
Stealth        | 3 4 5 6 |  6.1
Spellcasting   | 4 5 7 9 |  9.0
Fighting       | 1 |  1.3

Action                   |  1- 3 |  4- 6 |  7- 9 || total
-------------------------+-------+-------+-------++-------
Melee: Dagger            |    13 |     3 |     4 ||    20
 Cast: Magic Dart        |    35 |    41 |    22 ||    98
       Searing Ray       |    12 |    29 |    29 ||    70
  Use: Scroll            |     2 |     5 |     4 ||    11
 Stab: Sleeping          |     1 |     2 |       ||     3
Armor: Robe              |     5 |     5 |     7 ||    17
Dodge: Dodged            |    22 |     5 |    14 ||    41
